 Dungeon Sprint DCSS version 0.30-a0-528-g8c47a4955b (webtiles) character file.

Game seed: 15065842170190144290

158 rocky1 the Carver (level 5, -4/38 HPs)
             Began as a Demonspawn Gladiator on Dec 24, 2022.
             Slain by a shadow (24 damage)
             ... in the Dungeon (Sprint III: "The Ten Rune Challenge").
             The game lasted 00:01:18 (667 turns).

rocky1 the Carver (Demonspawn Gladiator)             Turns: 667, Time: 00:01:19

Health: -4/38      AC:  9    Str: 15    XL:     5   Next: 16%
Magic:  5/5        EV: 12    Int:  9    God:
Gold:   26         SH:  4    Dex: 16    Spells: 4/4 levels left

rFire   . . .      SeeInvis .    a - +0 long sword
rCold   . . .      Faith    .    (no shield)
rNeg    . . .      Spirit   .    b - +0 leather armour
rPois   .          Reflect  .    c - +0 helmet
rElec   .          Harm     .    d - +1 cloak
rCorr   .          Rampage  .    (no gloves)
Will    .....      NoTele   +    (no boots)
Stlth   +                        (no amulet)
HPRegen 0.26/turn                (no ring)
MPRegen 0.09/turn                (no ring)

@: no status effects
A: thin metallic scales 2, condensation shield
a: no special abilities


You were in the Dungeon.
You visited 1 branch You collected 26 gold pieces.

Inventory:

Hand Weapons
 a - a +0 long sword (weapon)
Missiles
 e - a javelin (quivered)
Armour
 b - a +0 leather armour (worn)
 c - a +0 helmet (worn)
 d - a +1 cloak (worn)
Scrolls
 k - a scroll of blinking
 m - 3 scrolls of identify {unknown}
 n - 2 scrolls of poison {unknown}
Potions
 f - a potion of curing
 h - a potion of haste
 i - 2 potions of magic
 l - a potion of invisibility {unknown}
 o - 3 potions of flight
 p - 7 potions of mutation


   Skills:
 - Level 2.0 Fighting
 + Level 10.0 Long Blades
 - Level 1.7 Throwing
 - Level 2.6 Dodging


You had 4 spell levels left.
You didn't know any spells.
Your spell library was empty.

Dungeon Overview and Level Annotations

Branches:
Dungeon (1/1)

Altars:


Innate Abilities, Weirdness & Mutations

You are mostly covered in thin metallic scales. (AC +3)
A meltable shield of frost defends you. (SH +4)


Message History

The shadow is lightly damaged.
The shadow barely misses you.
You hit the shadow but do no damage.
The shadow is lightly damaged.
The shadow barely misses you.
You feel much better. The shadow hits you.
You hit the shadow but do no damage.
The shadow is lightly damaged.
The shadow hits you.
You barely miss the shadow.
The shadow is lightly damaged.
You block the shadow's attack.
You completely miss the shadow.
The shadow is lightly damaged.
The shadow hits you.
You hit the shadow but do no damage.
The shadow is lightly damaged.
The shadow hits you.
You hit the shadow but do no damage.
The shadow is lightly damaged.
You barely miss the shadow.
The shadow is lightly damaged.
The shadow misses you.
You hit the shadow but do no damage.
The shadow is lightly damaged.
The shadow slips into darkness.
The shadow flickers and vanishes!
Deactivating autopickup; reactivate with Ctrl-A.
You hit something.
The shadow strikes at you from the darkness!
Reactivating autopickup.
You hit the shadow.
The shadow is moderately damaged.
The shadow slips into darkness.
The shadow flickers and vanishes!
Deactivating autopickup; reactivate with Ctrl-A.
You hit something but do no damage.
The shadow strikes at you from the darkness!
Ouch! That really hurt!
You die...

▓ ▓▓▓ ♣ ♣.# ♣♣ ♣.#
.♣ ♣♣.#
♣♣♣♣..###+#+###+##
♣♣.♣..#..........#
~.♣...'.⌠........#
~~~...#...######@#
~~....#.⌠.# #.{.#
~.....#...# #...#
......#+### #...#
......# #...+
......# +...#
▓▓▓▓▓▓▓ ▓▓▓▓▓


There were no monsters in sight!

Vanquished Creatures
  A water elemental (D)
  A jelly (D)
  Crazy Yiuf (D)
  Jessica (D)
  A human (D)
  An endoplasm (D)
  2 rats (D)
8 creatures vanquished.

Notes
Turn   | Place    | Note
-------+----------+-------------------------------------------
     0 | D        | rocky1 the Demonspawn Gladiator began the quest for the
                  | Orb.
     0 | D        | Reached XP level 1. HP: 16/16 MP: 1/1
     5 | D        | Reached skill level 3 in Long Blades
   109 | D        | Noticed Jessica
   116 | D        | Killed Jessica
   117 | D        | Reached skill level 6 in Long Blades
   117 | D        | Gained mutation: A meltable shield of frost defends you.
                  | (SH +4) [demonic ancestry]
   117 | D        | Reached XP level 2. HP: 21/22 MP: 2/2
   117 | D        | Gained mutation: You are partially covered in thin metallic
                  | scales. (AC +2) [demonic ancestry]
   117 | D        | Reached XP level 3. HP: 25/27 MP: 3/3
   344 | D        | Noticed Crazy Yiuf
   359 | D        | Killed Crazy Yiuf
   360 | D        | Reached skill level 7 in Long Blades
   360 | D        | Reached XP level 4. HP: 28/33 MP: 4/4
   413 | D        | Noticed a water elemental
   417 | D        | Killed a water elemental
   418 | D        | Reached skill level 9 in Long Blades
   631 | D        | Reached skill level 10 in Long Blades
   631 | D        | Gained mutation: You are mostly covered in thin metallic
                  | scales. (AC +3) [demonic ancestry]
   631 | D        | Reached XP level 5. HP: 32/38 MP: 5/5
   652 | D        | Noticed a shadow
   667 | D        | Slain by a shadow

Illustrated notes

Levels and vault maps discovered:
D:        dungeon_sprint_mu [sprint_mu_entry_forest, sprint_mu_temple_rooms,
          sprint_mu_d1_horrors, sprint_mu_d2_genie, sprint_mu_d3_branching,
          sprint_mu_orc_legion, sprint_mu_elf_gauntlet, sprint_mu_hive_nellie,
          sprint_mu_lair_fedhas, sprint_mu_vaults_butterflies,
          sprint_mu_slime_circle, sprint_mu_swamp_cave, sprint_mu_snake_twists,
          sprint_mu_blade_basic, sprint_mu_crypt_chambers,
          sprint_mu_tomb_spiral, sprint_mu_vestibule_basic,
          sprint_mu_gehenna_hellfire, sprint_mu_dis_giant,
          sprint_mu_tartarus_statrot, sprint_mu_cocytus_islands, sprint_mu_zot1]

Skill      XL: |  1  2  3  4 |
---------------+-------------+-----
Long Blades    | 6 7 10 | 10.0
Fighting       | |  2.0
Throwing       | |  1.7
Dodging        | |  2.6

Action                   |  1- 3 |  4- 6 || total
-------------------------+-------+-------++-------
Melee: Long sword        |    27 |    23 ||    50
       Punch             |     1 |       ||     1
Throw: Throwing net      |     3 |       ||     3
  Use: Potion            |       |     2 ||     2
 Stab: Held in net/web   |     3 |       ||     3
Armor: Leather armour    |     5 |     5 ||    10
Dodge: Dodged            |     4 |     7 ||    11
Block: Other             |       |     1 ||     1

Table legend: (Time is in decaauts)
 A = Elapsed time spent in this place.
 B = Non-inter-level travel time spent in this place.
 C = Inter-level travel time spent in this place.
 D = Time resting spent in this place.
 E = Time spent auto-exploring this place.
 F = Levels seen in this place.
 G = Mean time per level.
                   A        B        C        D        E       F      G
               +--------+--------+--------+--------+--------+-----+--------+
         Total |    686 |    686 |      0 |    504 |      1 |   1 |  686.0 |
       Dungeon |    686 |    686 |      0 |    504 |      1 |   1 |  686.0 |
               +--------+--------+--------+--------+--------+-----+--------+

Top non-repeatable levels by time:
       D: 686 daAuts
